 Dungeon Crawl Stone Soup version bcrawl-1.28.5 (webtiles) character file.

Game seed: 12289133560415844069

99542 Anonimiaus the Skirmisher (level 4, 0/38 HPs)
             Began as a Demonspawn Archaeologist on Jan 25, 2021.
             Slain by a centaur skeleton (2 damage)
             ... on level 3 of the Dungeon.
             The game lasted 00:05:12 (3073 turns).

Anonimiaus the Skirmisher (DsAc)                    Turns: 3073, Time: 00:05:13

Health: 0/38       AC:  7    Str: 12    XL:     4   Next: 49%
Magic:  4/4        EV: 18    Int: 15    God:
Gold:   165        SH:  0    Dex: 21    Spells: 3/3 levels left

rFire    + . .     SeeInvis .   t - +0 mace (protect)
rCold    + + .     Gourm    .   (no shield)
rNeg     . . .     Faith    .   c - +1 robe
rPois    +         Spirit   .   d - +2 hat
rElec    +         Reflect  .   (no cloak)
rCorr    +         Harm     .   (no gloves)
MR       .....                  i - +1 pair of boots
Stlth    ++++++....             (no amulet)
HPRegen  0.12/turn              j - +4 ring of dexterity
MPRegen  0.09/turn              u - ring of stealth

@: agile, resistant, berserk cooldown
A: horns 1, talons 1, cold resistance 1, rot immunity
a: no special abilities


You were on level 3 of the Dungeon.
You were hungry.

You visited 1 branch of the dungeon, and saw 3 of its levels.

You collected 165 gold pieces.

Inventory:

Hand Weapons
 b - a +0 blowgun
 t - a +0 mace of protection (weapon)
Missiles
 f - 6 curare-tipped needles
 r - 68 poisoned needles
Armour
 c - a +1 robe (worn)
 d - a +2 hat (worn)
 i - a +1 pair of boots (worn)
Jewellery
 j - a +4 ring of dexterity (left hand)
 q - an uncursed ring of magical power
 u - a ring of stealth (right hand)
Scrolls
 g - 2 scrolls of magic mapping
 k - a scroll of enchant armour
 l - 3 scrolls of remove curse
Miscellaneous
 h - a dusty tome
Comestibles
 a - 2 chunks of flesh
 e - 6 rations {!d}


   Skills:
 + Level 4.4 Fighting
 - Level 0.8 Maces & Flails
 - Level 2.6 Dodging
 - Level 3.0 Stealth


You had 3 spell levels left.
You didn't know any spells.
Your spell library was empty.

Dungeon Overview and Level Annotations

Branches:
Dungeon (3/12)

Altars:
Fedhas
Qazlal
Vehumet


Innate Abilities, Weirdness & Mutations

Your flesh is cold resistant. (rC+)
You are immune to rotting.
You have a pair of small horns on your head.
You have sharp toenails.


Message History

* * * LOW HITPOINT WARNING * * *
The centaur skeleton barely misses you.
You hear a shout!
The orc wizard barely misses you.
The centaur skeleton completely misses you.
The orc priest completely misses you.
You see here a +0 leather armour.
The centaur skeleton hits you.
* * * LOW HITPOINT WARNING * * *
The orc wizard casts a spell.
The orc wizard flickers and vanishes!
Deactivating autopickup; reactivate with Ctrl-A.
The centaur skeleton misses you.
The centaur skeleton completely misses you.
You feel yourself speed up.
The centaur skeleton hits you but does no damage.
The centaur skeleton hits you.
* * * LOW HITPOINT WARNING * * *
The centaur skeleton hits you.
You die...

#.....# #########.# #.....#
##.......... #####.....####
#..#####....
..............#######.##
##.###
#######.#..##...>.....#####..#
#..##.######.......รท.#.##
#.###...##...##.######.# #.#
###.........# #.#
#.####....@Z.o..## #.#
#######.#...#########.o# #.#
......[....## ##.# #.#
#....##.#### ##.####### #
..#####.# #...[o#####.# .##
#.# ##.##.......# ## ..#
#.###K{...## <## #......#### .
#. #..o..##


You could see an orc priest, an orc and a centaur skeleton.

Vanquished Creatures
  An adder (D:3)
  5 worms
  2 dart slugs (D:1)
  4 leopard geckos
  4 orcs
  A ball python (D:1)
  4 bats (D:1)
  2 giant cockroaches
  4 goblins
  12 hobgoblins
  7 jackals (D:3)
  2 quokkas
  5 frilled lizards
  5 kobolds
  3 rats
61 creatures vanquished.

Notes
Turn   | Place    | Note
-------+----------+-------------------------------------------
     0 | D:1      | Anonimiaus the Demonspawn Archaeologist began the quest for
                  | the Orb.
     0 | D:1      | Reached XP level 1. HP: 15/15 MP: 1/1
    66 | D:1      | Reached skill level 2 in Fighting
   131 | D:1      | Gained mutation: Your flesh is cold resistant. (rC+)
                  | [demonic ancestry]
   131 | D:1      | Reached XP level 2. HP: 21/22 MP: 2/2
   398 | D:1      | Reached skill level 3 in Fighting
   549 | D:1      | Gained mutation: You are immune to rotting. [demonic
                  | ancestry]
   549 | D:1      | Reached XP level 3. HP: 29/29 MP: 3/3
  1531 | D:2      | Found a stormy altar of Qazlal.
  1550 | D:2      | Found a radiant altar of Vehumet.
  1798 | D:2      | Found a blossoming altar of Fedhas.
  2432 | D:3      | Reached XP level 4. HP: 19/37 MP: 4/4
  2440 | D:3      | Reached skill level 4 in Fighting
  3056 | D:3      | Gained mutation: You have a pair of small horns on your
                  | head. [potion of mutation]
  3056 | D:3      | Gained mutation: You have sharp toenails. [potion of
                  | mutation]
  3069 | D:3      | HP: 1/38 [centaur skeleton (3)]
  3073 | D:3      | Slain by a centaur skeleton

Skill      XL: |  1  2  3  4 |
---------------+-------------+-----
Fighting       | 2 3 4 |  4.4
Maces & Flails | |  0.8
Dodging        | |  2.6
Stealth        | |  3.0

Action                   |  1- 3 |  4- 6 || total
-------------------------+-------+-------++-------
Melee: Whip              |   250 |    60 ||   310
       Mace              |       |    33 ||    33
  Use: Potion            |       |     8 ||     8
       Scroll            |       |     2 ||     2
 Stab: Sleeping          |    16 |     1 ||    17
  Eat: Chunk             |    11 |     6 ||    17
Armor: Robe              |    84 |    31 ||   115
Dodge: Dodged            |   234 |    86 ||   320
